Map: King's Cove LE

Players

nExt

  • Race: Zerg Zerg
  • League: Master
  • Spawn Location: 11:00

Lambo - Winner!

  • Race: Zerg Zerg
  • League: Grandmaster
  • Spawn Location: 5:00

VOD

Have the link to the VOD?

Description

Time

  • Played on: Feb. 9, 2019, 7:10 a.m.
  • Length: 9:29
Show
View Real Time Build Order
Export as new Build Order

nExt Zerg 

Build Orders: Hatch First 

Get SALT Encoding   

  12  0:01  Drone  
  13  0:15  Overlord  
  13  0:18  Drone  
  14  0:33  Drone x2  
  16  0:50  Hatchery  
  16  0:53  Drone  
  16  0:56  Drone  
  17  1:01  Drone  
  18  1:10  Extractor  
  17  1:16  Spawning Pool  
  16  1:19  Drone  
  16  1:22  Drone  
  18  1:30  Drone  
  19  1:41  Drone  
  20  1:54  Overlord  
  20  2:02  Drone  
  20  2:03  Queen x2, Drone  
  26  2:11  Metabolic Boost  
  26  2:13  Zergling x2  
  27  2:15  Zergling x2  
  28  2:24  Drone x2  
  30  2:37  Drone x2  
  32  2:44  Hatchery  
  32  2:49  Overlord  
  31  2:54  Zergling x2  
  32  3:13  Drone x4  
  32  3:16  Zergling x6  
  32  3:17  Zergling x2, Baneling Nest  
  39  3:26  Zergling x4  
  39  3:27  Overlord  
  40  3:30  Zergling x2  
  40  3:32  Zergling x2  
  42  3:43  Drone  
  42  3:48  Drone x4  
  45  3:49  Drone x3  
  50  4:01  Overlord  
  50  4:03  Drone x2  
  50  4:08  Roach Warren  
  48  4:20  Drone  
  48  4:21  Extractor x2  
  48  4:22  Zergling x4  
  48  4:23  Zergling x6  
  51  4:24  Evolution Chamber, Drone x2  
  51  4:25  Drone  
  51  4:29  Baneling  
  51  4:30  Baneling  
  53  4:33  Baneling  
  53  4:34  Drone  
  53  4:38  Drone  
  55  4:39  Overlord  
  55  4:40  Drone  
  55  4:44  Drone  
  57  4:47  Overlord  
  57  4:49  Drone x2  
  59  4:59  Drone  
  60  5:01  Lair, Overlord  
  59  5:10  Baneling  
  59  5:13  Roach  
  59  5:14  Roach x4  
  63  5:16  Queen  
  63  5:19  Roach x2  
  69  5:24  Roach, Zergling x4  
  69  5:26  Baneling x3  
  73  5:30  Overlord  
  73  5:31  Zergling x2  
  73  5:32  Zergling x2  
  75  5:39  Baneling  
  75  5:40  Zergling x2, Baneling x2  
  75  5:41  Roach  
  75  5:42  Roach  
  79  5:45  Zergling x2  
  79  5:46  Zergling x4  
  79  5:49  Zergling x4  
  83  5:51  Zergling x2  
  83  5:55  Zergling x4  
  83  5:56  Zergling x2  
  87  5:57  Zergling x2  
  88  6:06  Zergling x4  
  88  6:07  Zergling x2  
  88  6:09  Zergling x4  
  88  6:11  Baneling x3  
  92  6:17  Roach  
  78  6:41  Drone x4  
  78  6:42  Drone x4  
  78  6:44  Zergling x6  
  78  6:45  Zergling x2  
  82  6:49  Zerg Missile Weapons Level 1  
  82  6:51  Drone  
  79  6:54  Roach x2  
  79  6:55  Roach x3  
  77  7:03  Roach x3  
  77  7:06  Glial Reconstitution  
  79  7:12  Drone x2  
  79  7:13  Drone  
  79  7:14  Extractor  
  81  7:15  Overlord  
  81  7:20  Overlord  
  81  7:22  Roach x6  
  93  7:26  Roach  
  95  7:32  Roach  
  95  7:33  Overlord  
  97  7:40  Roach  
  97  7:41  Roach x4  
  106  7:45  Overlord  
  106  7:54  Roach x4  
  106  7:58  Roach x3  
  120  8:03  Overlord  
  119  8:06  Roach x4  
  119  8:12  Roach x2  
  129  8:13  Overlord  
  129  8:21  Overlord x2  
  129  8:36  Roach x4  
  129  8:37  Roach x2  
  129  8:38  Overseer  
  141  8:41  Hatchery  
  141  8:46  Ravager  
  141  8:47  Ravager x5  
  146  8:49  Roach  
  146  8:50  Roach  
  150  8:56  Extractor  
  150  8:58  Roach x4  
Show
View Real Time Build Order
Export as new Build Order

Lambo Zerg - Winner!

Build Orders: Hatch First 

Get SALT Encoding   

  12  0:00  Drone  
  13  0:12  Overlord  
  13  0:17  Drone  
  14  0:31  Drone x2  
  16  0:49  Hatchery  
  15  0:52  Drone  
  15  0:56  Drone  
  17  0:59  Drone  
  18  1:09  Extractor  
  17  1:15  Spawning Pool  
  17  1:18  Drone  
  17  1:21  Drone  
  18  1:28  Drone  
  19  1:39  Drone  
  20  1:49  Drone  
  21  2:01  Queen x2, Drone  
  21  2:02  Overlord  
  26  2:11  Metabolic Boost  
  26  2:12  Drone  
  26  2:14  Drone  
  29  2:22  Drone  
  29  2:23  Drone  
  30  2:34  Zergling x2  
  30  2:35  Zergling x2  
  32  2:41  Hatchery  
  31  2:46  Drone x2  
  31  2:50  Baneling Nest  
  32  2:54  Zergling x2  
  33  2:59  Overlord  
  34  3:05  Drone x2  
  35  3:15  Drone  
  35  3:18  Drone x2  
  35  3:19  Zergling x6  
  41  3:26  Drone  
  41  3:27  Drone  
  41  3:32  Overlord  
  42  3:34  Evolution Chamber  
  42  3:36  Queen  
  43  3:50  Drone  
  43  3:51  Drone x2, Baneling  
  43  3:52  Drone x5  
  51  3:58  Zergling x4  
  51  4:01  Zergling x2  
  54  4:06  Zergling x4  
  54  4:08  Baneling  
  55  4:13  Zergling x2  
  56  4:17  Drone x2  
  56  4:20  Overlord, Extractor, Zerg Missile Weapons Level 1  
  56  4:21  Extractor  
  56  4:22  Baneling  
  55  4:25  Overlord  
  55  4:27  Drone x2  
  55  4:31  Overlord  
  57  4:32  Roach Warren  
  56  4:38  Zergling x2  
  56  4:39  Zergling x2  
  56  4:40  Drone x4  
  56  4:45  Baneling x3  
  62  4:47  Drone  
  62  4:52  Drone x2  
  64  4:54  Zergling x2  
  64  4:55  Zergling x2  
  66  5:04  Drone x8  
  66  5:06  Overlord  
  73  5:14  Drone  
  71  5:17  Drone x2  
  71  5:18  Lair  
  73  5:27  Drone x5  
  78  5:29  Extractor  
  78  5:30  Extractor  
  78  5:31  Extractor  
  74  5:37  Drone x3  
  74  5:39  Pneumatized Carapace  
  74  5:42  Baneling x2  
  76  5:44  Roach  
  76  5:48  Drone x4  
  80  5:50  Roach  
  80  5:51  Roach  
  80  5:54  Overlord  
  80  5:55  Hatchery  
  83  5:58  Evolution Chamber  
  83  5:59  Overlord  
  83  6:03  Overlord  
  82  6:05  Roach x3  
  82  6:09  Baneling x2  
  87  6:12  Roach, Overlord  
  87  6:13  Roach, Spine Crawler x2  
  87  6:14  Spine Crawler  
  87  6:15  Baneling x2  
  87  6:17  Roach  
  90  6:19  Roach  
  90  6:23  Roach  
  90  6:24  Roach x2  
  98  6:27  Roach x2  
  98  6:31  Roach x2  
  94  6:35  Roach  
  91  6:44  Roach x3  
  91  6:47  Roach x2  
  91  6:52  Roach x2  
  93  6:55  Roach  
  89  7:06  Hatchery  
  88  7:10  Zerg Missile Weapons Level 2  
  88  7:25  Drone x2  
  88  7:26  Spire  
  88  7:29  Drone x5  
  94  7:35  Drone x3  
  94  7:36  Drone  
  98  7:41  Drone x2  
  100  7:45  Overseer  
  100  7:46  Drone  
  101  7:52  Glial Reconstitution  
  101  7:55  Drone  
  101  7:59  Drone x2  
  101  8:02  Roach x2  
  101  8:04  Roach  
  101  8:05  Roach x2  
  113  8:08  Overlord  
  113  8:09  Roach  
  114  8:16  Overlord  
  114  8:22  Overlord  
  114  8:29  Overlord  
  114  8:35  Roach x7  
  114  8:37  Ravager x2  
  114  8:38  Mutalisk  
  114  8:40  Roach  
  134  8:41  Ravager  
  134  8:44  Roach  
  134  8:46  Roach  
  141  8:48  Roach  
  141  8:52  Roach  
  141  8:55  Roach x2  
  147  8:56  Roach  
  147  9:00  Roach x2  
  153  9:04  Ravager, Overlord  
Tags
 
Add a new tag
Caveats
  • Supply blocks, unpowered buildings, or Contaminate may cause inaccurate times.
  • Supply counts are checked every 10 seconds.